 Dungeon Crawl Stone Soup version 0.23-a0-629-gae4348f (webtiles) character file.

320151 Firecrotchwizard the Slayer (level 21, -3/130 HPs)
             Began as a Vine Stalker Fighter on Dec 26, 2018.
             Was the Champion of Okawaru.
             Killed from afar by a Brimstone Fiend (27 damage)
             ... with damnation
             ... summoned by a deep elf demonologist
             ... on level 3 of the Elven Halls on Dec 27, 2018.
             The game lasted 01:59:57 (35880 turns).

Firecrotchwizard the Slayer (Vine Stalker Fighter) Turns: 35880, Time: 01:59:57

Health: -3/130     AC: 23    Str: 27    XL:     21   Next: 49%
Magic:  0/37       EV: 10    Int:  7    God:    Okawaru [******]
Gold:   1935       SH: 30    Dex: 28    Spells: 17/20 levels left

rFire    + + .     SeeInvis +   a - +6 dagger (elec)
rCold    + . .     Gourm    .   v - +1 large shield of the Turtle {+Inv MR+}
rNeg     . . .     Faith    .   j - +5 plate armour "Dutyat" {rF+ MP+9 SInv Stlth-}
rPois    .         Spirit   +   t - +1 hat of Negligence {-Tele rElec rF+ Dex+8}
rElec    +         Reflect  +   A - +1 cloak of Starlight {rElec rC+ EV+4 Stlth--}
rCorr    .         Harm     .   Q - +2 pair of gloves {archery}
MR       +++..     NoTele   +   i - +0 pair of boots {run}
Stlth    ..........             c - +4 amulet of reflection
HPRegen  1.11/turn              W - ring "Cast" {+Fly Dex+5}
MPRegen  0.25/turn              (no ring)

@: quick
A: fangs 3, dopey 1, regeneration 2, magic shield, antimagic bite, no potion
heal 3, rot immunity
}: 2/15 runes: decaying, gossamer
a: Heroism, Finesse, Renounce Religion, Evoke Invisibility, Evoke Flight


You were on level 3 of the Elven Halls.
You worshipped Okawaru.
Okawaru was exalted by your worship.
You were not hungry.

You visited 8 branches of the dungeon, and saw 36 of its levels.
You also visited: Gauntlet and Wizlab.

You collected 3805 gold pieces.
You spent 1870 gold pieces at shops.

Inventory:

Hand Weapons
 a - a +6 dagger of electrocution (weapon)
   (You found it on level 2 of the Dungeon)
 b - a +2 hand crossbow of freezing
   (Okawaru gifted it to you on level 2 of the Lair of Beasts)
 M - the +10 hand crossbow "Tybif" {flame, *Contam +Fly Str+6}
   (Okawaru gifted it to you on level 1 of the Elven Halls)

   It causes projectiles fired from it to burn those they strike, causing extra
   injury to most foes and up to half again as much damage against particularly
   susceptible opponents.
   It affects your strength (+6).
   It lets you fly.
   It causes magical contamination when unequipped.
Missiles
 q - 7 throwing nets {=f, !d}
 O - 769 bolts
Armour
 g - a +1 pair of boots of flying
   (Okawaru gifted it to you on level 1 of the Swamp)
 i - a +0 pair of boots of running (worn)
   (Okawaru gifted it to you on level 3 of the Swamp)
 j - the +5 plate armour "Dutyat" (worn) {rF+ MP+9 SInv Stlth-}
   (You bought it in a shop on level 2 of the Orcish Mines)

   It protects you from fire.
   It affects your magic capacity (+9).
   It lets you see invisible.
   It makes you less stealthy.
 t - the +1 hat of Negligence (worn) {-Tele rElec rF+ Dex+8}
   (Okawaru gifted it to you on level 4 of the Swamp)

   It affects your dexterity (+8).
   It protects you from fire.
   It insulates you from electricity.
   It prevents most forms of teleportation.
 v - the +1 large shield of the Turtle (worn) {+Inv MR+}
   (You found it on level 1 of the Swamp)

   It affects your resistance to hostile enchantments.
   It lets you turn invisible.
 A - the +1 cloak of Starlight (worn) {rElec rC+ EV+4 Stlth--}
   (You found it on level 1 of the Spider Nest)

   It affects your evasion (+4).
   It protects you from cold.
   It insulates you from electricity.
   It makes you much less stealthy.
 Q - a +2 pair of gloves of archery (worn)
   (Okawaru gifted it to you on level 2 of the Swamp)
Jewellery
 c - a +4 amulet of reflection (around neck)
   (You found it on level 6 of the Lair of Beasts)
 F - the ring of the Swan {+Blink rElec rF++ MR- Str+3}
   (You found it on level 5 of the Dungeon)

   [ring of strength]

   It affects your strength (+3).
   It greatly protects you from fire.
   It insulates you from electricity.
   It affects your resistance to hostile enchantments.
   It lets you blink.
 R - an uncursed ring of poison resistance {rPois, !d}
   (You took it off a minotaur in a Gauntlet)
 W - the ring "Cast" (left hand) {+Fly Dex+5}
   (You found it on level 14 of the Dungeon)

   [ring of flight]

   It affects your dexterity (+5).
   It lets you fly.
 Y - a +4 ring of slaying
   (You found it on level 1 of the Spider Nest)
Wands
 o - a wand of clouds (3)
   (You found it on level 5 of the Lair of Beasts)
 s - a wand of acid (20)
   (You found it on level 7 of the Dungeon)
 x - a wand of digging (7)
   (You found it on level 3 of the Dungeon)
 X - a wand of scattershot (4)
   (You took it off a deep elf mage on level 1 of the Elven Halls)
Scrolls
 h - 5 scrolls of blinking {!r}
 k - a scroll of enchant armour
 m - 9 scrolls of teleportation
 n - a scroll of fear
 u - 17 scrolls of remove curse
 C - 4 scrolls of magic mapping {!r}
 K - 2 scrolls of brand weapon
 P - 3 scrolls of summoning
Potions
 d - 6 potions of might
 e - 9 potions of curing
 l - 4 potions of ambrosia
 p - 4 potions of lignification {!q}
 r - 7 potions of brilliance
 z - 10 potions of flight
 B - 16 potions of haste
 G - 3 potions of magic
 I - a potion of berserk rage {unknown}
 J - 2 potions of agility
 L - 3 potions of resistance
 U - 2 potions of invisibility {unknown}
 V - a potion of cancellation
 Z - 2 potions of mutation {!q}
Miscellaneous
 D - 3 sacks of spiders
 N - a crystal ball of energy
   (You found it in a Gauntlet)
 S - a phial of floods
   (You found it in a Gauntlet)
Comestibles
 f - 57 rations
 w - 4 chunks of flesh {@w0}


   Skills:
 + Level 21.4 Fighting
 - Level 10.0 Short Blades
 - Level 10.0 Crossbows
 - Level 2.4 Armour
 + Level 20.5 Shields
 - Level 8.0 Invocations


You had 17 spell levels left.
You knew the following spells:

 Your Spells              Type           Power        Failure   Level  Hunger
a - Portal Projectile     Hex/Tloc       #.....       100%        3    ####...

Your spell library contained the following spells:

 Spells                   Type           Power        Failure   Level  Hunger
 Animate Skeleton         Necr           N/A          100%        1    ##.....
 Beastly Appendage        Tmut           #.....       100%        1    ##.....
 Confusing Touch          Hex            #.....       100%        1    ##.....
 Corona                   Hex            #......      100%        1    ##.....
 Flame Tongue             Conj/Fire      #....        100%        1    ##.....
 Freeze                   Ice            #...         100%        1    ##.....
 Pain                     Necr           #...         100%        1    ##.....
 Shock                    Conj/Air       #...         100%        1    ##.....
 Sting                    Conj/Pois      #...         100%        1    ##.....
 Summon Butterflies       Summ           #.......     100%        1    ##.....
 Summon Small Mammal      Summ           #...         100%        1    ##.....
 Call Imp                 Summ           #.......     100%        2    ###....
 Ensorcelled Hibernation  Hex/Ice        #.....       100%        2    ###....
 Passwall                 Tmut/Erth      #.......     100%        2    ###....
 Poisonous Vapours        Pois/Air       #.....       100%        2    ###....
 Sticks to Snakes         Tmut           #.......     100%        2    ###....
 Swiftness                Chrm/Air       #.......     100%        2    ###....
 Throw Flame              Conj/Fire      #.....       100%        2    ###....
 Throw Frost              Conj/Ice       #.....       100%        2    ###....
 Call Canine Familiar     Summ           #.......     100%        3    ####...
 Confuse                  Hex            #.......     100%        3    ####...
 Conjure Flame            Conj/Fire      #.......     100%        3    ####...
 Dazzling Spray           Conj/Hex       #.....       100%        3    ####...
 Gell's Gravitas          Tloc           #.........   100%        3    ####...
 Inner Flame              Hex/Fire       #.......     100%        3    ####...
 Mephitic Cloud           Conj/Pois/Air  #.......     100%        3    ####...
 Ozocubu's Armour         Chrm/Ice       #.......     100%        3    ####...
 Recall                   Summ/Tloc      N/A          100%        3    ####...
 Regeneration             Chrm/Necr      #.........   100%        3    ####...
 Spider Form              Tmut/Pois      #.........   100%        3    ####...
 Summon Guardian Golem    Hex/Summ       #.......     100%        3    ####...
 Tukima's Dance           Hex            #.......     100%        3    ####...
 Vampiric Draining        Necr           #.........   100%        3    ####...
 Animate Dead             Necr           N/A          100%        4    #####..
 Ice Form                 Ice/Tmut       #.......     100%        4    #####..
 Olgreb's Toxic Radiance  Pois           #.......     100%        4    #####..
 Passage of Golubria      Tloc           N/A          100%        4    #####..
 Petrify                  Tmut/Erth      #.......     100%        4    #####..
 Sticky Flame             Conj/Fire      #.......     100%        4    #####..
 Summon Ice Beast         Ice/Summ       #.......     100%        4    #####..
 Summon Lightning Spire   Summ/Air       #.......     100%        4    #####..
 Throw Icicle             Conj/Ice       #.......     100%        4    #####..
 Aura of Abjuration       Summ           #.........   100%        5    ######.
 Blade Hands              Tmut           #.........   100%        5    ######.
 Fireball                 Conj/Fire      #.........   100%        5    ######.
 Irradiate                Conj/Tmut      #.........   100%        5    ######.
 Lee's Rapid Deconstruct  Erth           #.........   100%        5    ######.
 Metabolic Englaciation   Hex/Ice        #.........   100%        5    ######.
 Silence                  Hex/Air        #.........   100%        5    ######.
 Summon Demon             Summ           #.........   100%        5    ######.
 Summon Forest            Summ/Tloc      #.........   100%        5    ######.
 Summon Mana Viper        Hex/Summ       #.......     100%        5    ######.
 Venom Bolt               Conj/Pois      #.........   100%        5    ######.
 Yara's Violent Unravell  Hex/Tmut       #.........   100%        5    ######.
 Bolt of Cold             Conj/Ice       #.........   100%        6    #######
 Conjure Ball Lightning   Conj/Air       #.........   100%        6    #######
 Darkness                 Hex            #.........   100%        6    #######
 Deflect Missiles         Chrm/Air       #.........   100%        6    #######
 Freezing Cloud           Conj/Ice/Air   #.........   100%        6    #######
 Hydra Form               Tmut           #.........   100%        6    #######
 Invisibility             Hex            #.......     100%        6    #######
 Ozocubu's Refrigeration  Ice            #.........   100%        6    #######
 Shadow Creatures         Summ           N/A          100%        6    #######
 Simulacrum               Ice/Necr       #.........   100%        6    #######
 Statue Form              Tmut/Erth      #........    100%        6    #######
 Dragon Form              Tmut           #.........   100%        7    #######
 Malign Gateway           Summ/Tloc      #.........   100%        7    #######
 Ring of Flames           Chrm/Fire      #.........   100%        7    #######
 Summon Hydra             Summ           #.........   100%        7    #######
 Tornado                  Air            #.........   100%        9    #######


Dungeon Overview and Level Annotations

Branches:
Dungeon (14/15)            Temple (0/1) D:6            Lair (6/6) D:11
  Swamp (4/4) Lair:4       Spider (4/4) Lair:4        Slime (1/5) Lair:5
    Orc (2/2) D:12            Elf (3/3) Orc:2        Vaults (2/5) D:14
  Crypt: Vaults:2-3

Altars:
Cheibriados
Dithmenos
Fedhas
Hepliaklqana
Kikubaaqudgha
Makhleb
Nemelex Xobeh
Okawaru
Ru
Trog
Vehumet
Wu Jian
Xom
Yredelemnul
The Shining One
Beogh

Shops:
Orc:1 [*:   Orc:2 *[[%[   Elf:1 *([**

Annotations:
D:6 2 transporters
D:12 exclusion: oklob sapling
Lair:1 exclusion: 2 oklob plants
Lair:6 1 runed door, exclusion: oklob plant
Spider:4 exclusion: 3 doors


Innate Abilities, Weirdness & Mutations

You have razor-sharp teeth.
You heal very quickly.
When hurt, damage is shared between your health and your magic reserves.
Your bite disrupts and absorbs the magic of your enemies.
Potions cannot restore your health.
You are immune to rotting.
You are dopey. (Int -2)


Message History

You hit the smoke demon. Your bite misses the smoke demon.
The deep elf demonologist gestures wildly while chanting.
You hear a shout!
You completely miss the smoke demon. Your bite misses the smoke demon.
You hear a shout!
The Executioner gestures.
The Executioner seems to speed up.
You hear a shout! x4
You puncture the deep elf blademaster!
Your bite misses the deep elf blademaster.
You hit the deep elf blademaster but do no damage.
You bite the deep elf blademaster! You drain its power.
You feel invigorated.
You block the deep elf blademaster's attack. x2
You regained 11 mp, and now have 35/37 mp.
You miss the deep elf blademaster.
Your bite misses the deep elf blademaster.
The deep elf blademaster hits you with a +0 rapier!
You block the deep elf blademaster's attack.
You take 6 damage, and have 73/130 hp.
You now have 33/37 mp.
You puncture the deep elf blademaster!
Your bite misses the deep elf blademaster.
You completely miss the deep elf blademaster.
Your bite misses the deep elf blademaster.
You block the deep elf blademaster's attack.
The deep elf blademaster hits you but does no damage.
You puncture the deep elf blademaster! You bite the deep elf blademaster.
You drain its power.
You feel invigorated.
The smoke demon disappears in a puff of smoke!
You block the deep elf blademaster's attack. x2
You regained 2 mp, and now have 35/37 mp.
You puncture the deep elf blademaster!
Your bite misses the deep elf blademaster.
You block the deep elf blademaster's attack.
The deep elf blademaster hits you but does no damage.
You completely miss the deep elf blademaster.
Your bite misses the deep elf blademaster.
You puncture the deep elf blademaster!
Your bite misses the deep elf blademaster.
You block the deep elf blademaster's attack.
The deep elf blademaster hits you with a +0 rapier!
You block the red devil's attack.
The Brimstone Fiend calls on the powers of darkness!
The deep elf demonologist convulses!
The deep elf blademaster convulses!
Your body is wracked with pain!
The deep elf mage convulses!
You take 31 damage, and have 45/130 hp.
MASSIVE DAMAGE!!
You now have 23/37 mp.
You barely miss the deep elf blademaster.
You bite the deep elf blademaster! You drain its power.
You feel invigorated.
The deep elf blademaster hits you with a +0 rapier.
You block the deep elf blademaster's attack.
You puncture the deep elf blademaster!
You kill the deep elf blademaster!
Okawaru accepts your kill.
The deep elf mage gestures wildly while chanting.
The deep elf mage blinks!
A deep elf high priest comes into view. It is wielding a +0 scimitar.
You block the red devil's attack.
The hellwing swoops through the air toward you!
You block the hellwing's attack. The hellwing barely misses you.
Items here: ))) [[ a +0 rapier x2; a +0 leather armour; a +0 short sword; a +0 ring mail You miss the red devil.
You bite the red devil. You drain its power. You block the red devil's attack.
You hit the red devil. You bite the red devil. You drain its power.
The deep elf demonologist gestures wildly while chanting.
You block the hellwing's attack. The hellwing barely misses you.
The Brimstone Fiend calls on the powers of darkness!
The deep elf demonologist convulses!
Your body is wracked with pain!
* * * LOW HITPOINT WARNING * * *
The deep elf high priest convulses!
You take 14 damage, and have 33/130 hp.
You now have 17/37 mp.
You hit the red devil but do no damage.
Lightning courses through the red devil!
You bite the red devil, but do no damage.
You block the red devil's attack.
You hit the red devil.
Lightning courses through the red devil!
You kill the red devil!
You block the hellwing's attack. x2
Unknown command.
You hit the Brimstone Fiend but do no damage.
Lightning courses through the Brimstone Fiend!
You bite the Brimstone Fiend, but do no damage.
The Executioner gestures.
The Executioner seems to speed up.
A deep elf sorcerer comes into view. It is wielding a +0 long sword.
The deep elf high priest calls down the wrath of its god upon you.
Something smites you!
* * * LOW HITPOINT WARNING * * *
You hear a shout!
You take 10 damage, and have 24/130 hp.
You now have 11/37 mp.
You hit the Brimstone Fiend but do no damage.
You bite the Brimstone Fiend, but do no damage.
The hellwing disappears in a puff of smoke!
The Brimstone Fiend gestures at you.
The sphere of damnation explodes!
The damnation engulfs you!
You die...

#####
###.e1###############
#..)ee11@§..........#
##e################.#
#.....§...# #.#
#....e...e..e.# #.#
............... #.#
...##...####... #.#
.# ##... .. #.# .e..
# #.# ...§ #.#


You could see a Brimstone Fiend, 2 Executioners, a deep elf sorcerer, a deep elf
demonologist, a deep elf high priest and a deep elf mage.

Vanquished Creatures
  Saint Roka (Elf:1)
  Jory (Vaults:2)
  Arachne (Spider:4)
  A Cloud Mage (WizLab)
  2 deep elf blademasters
  Frances (Swamp:2)
  3 thorn hunters
  A tengu reaver (Vaults:1)
  An azure jelly (Slime:1)
  Roxanne (Elf:1)
  2 vault wardens
  2 emperor scorpions (Spider:4)
  3 deep elf sorcerers
  Louise (Swamp:2)
  2 deep elf elementalists
  3 ghost moths
  5 ironheart preservers
  A stone giant (Vaults:2)
  3 very ugly things (Vaults:2)
  An entropy weaver (Spider:3)
  4 deep elf annihilators
  Azrael (Spider:1)
  2 dire elephants (Lair:6)
  A vampire knight (Vaults:2)
  A minotaur (Gauntlet)
  Snorg (D:12)
  A deep elf death mage (Elf:1)
  6 spark wasps
  4 blizzard demons (WizLab)
  A deep elf high priest (Elf:1)
  6 ogre magi
  4 yaktaur captains
  2 fire dragons (D:14)
  5 great orbs of eyes
  Harold (D:10)
  Erolcha (Orc:2)
  A rakshasa (Vaults:2)
  Josephine (Orc:2)
  36 hydras
  4 ghost crabs
  20 two-headed ogres
  2 spriggan air magi (WizLab)
  A catoblepas (Lair:6)
  10 alligators
  2 centaur warriors
  4 shambling mangroves
  2 death knights
  Erica (Lair:2)
  13 death yaks
  26 dancing weapons
  3 orc high priests (Orc:2)
  Sonja (D:13)
  20 deep elf knights
  An unseen horror (D:13)
  A spriggan druid (Swamp:4)
  A wizard (Vaults:1)
  3 lindwurms (Lair:6)
  8 deep elf archers
  7 death drakes (WizLab)
  9 swamp dragons
  3 ironbrand convokers
  A necromancer (Vaults:2)
  16 orb spiders
  18 ugly things
  A wolf spider zombie (D:14)
  8 orc sorcerers
  44 wolf spiders
  10 orc knights
  4 cyclopes
  54 deep elf magi
  3 moths of wrath
  7 elephants
  5 manticores
  A manticore (shapeshifter) (Vaults:2)
  A centaur zombie (D:13)
  8 black mambas
  9 vault sentinels
  Joseph (Lair:1)
  Maurice (D:8)
  A guardian serpent (shapeshifter) (Vaults:1)
  A guardian serpent (D:9)
  19 spiny frogs
  11 torpor snails
  9 komodo dragons
  7 apocalypse crabs (WizLab)
  A gargoyle (D:12)
  10 yaktaurs
  An efreet (D:14)
  A freezing wraith (Vaults:2)
  10 demonic crawlers
  6 rime drakes
  2 tengu conjurers (D:12)
  14 tyrant leeches
  A jumping spider (shapeshifter) (D:13)
  30 hornets
  Grinder (D:6)
  11 bog bodies
  6 trolls
  32 jumping spiders
  15 hippogriffs
  5 wind drakes (WizLab)
  16 blink frogs
  25 slime creatures
  4 dream sheep (Lair:5)
  11 air elementals
  3 vampires
  70 redbacks
  9 spriggans
  2 shadows
  28 tarantellas
  A ynoxinul (Gauntlet)
  7 wraiths
  11 wyverns
  A hog (shapeshifter) (Vaults:1)
  4 hogs (D:7)
  26 yaks
  2 fire elementals
  33 vampire mosquitoes
  A human (D:7)
  9 basilisks
  A hungry ghost (D:11)
  A yaktaur simulacrum (Vaults:1)
  23 swamp worms
  A warg (Orc:1)
  3 acid dragons
  15 insubstantial wisps
  5 hell hounds
  8 porcupines
  13 water moccasins
  2 ice beasts
  37 orc warriors
  2 sky beasts
  2 eyes of draining
  21 ogres
  18 swamp drakes
  2 black bears
  3 phantoms
  A hornet zombie (D:14)
  A tengu (shapeshifter) (Vaults:1)
  9 wolves
  9 centaurs
  10 crocodiles
  21 bullfrogs
  A wyvern zombie (D:12)
  7 scorpions
  8 killer bees (D:7)
  8 electric eels
  2 howler monkeys
  9 wights (D:12)
  2 bullfrog zombies
  4 crimson imps
  A quasit (D:7)
  6 jellies
  12 hounds
  17 orc priests
  6 centaur skeletons
  2 iron imps (Gauntlet)
  A bullfrog skeleton (D:7)
  29 orc wizards
  3 iguanas
  Terence (D:2)
  12 worker ants
  Natasha (thrice) (D:2)
  4 hell rats (Lair:5)
  A killer bee zombie (D:7)
  A hound zombie (D:5)
  A hound skeleton (D:8)
  A howler monkey zombie (D:5)
  21 adders
  4 gnolls (D:7)
  5 shadow imps
  3 oozes (Lair:5)
  2 adder skeletons
  5 worms
  6 leopard geckos
  122 orcs
  8 ball pythons
  4 bats
  4 giant cockroaches
  5 goblins
  6 hobgoblins
  10 jackals
  4 kobolds
  6 quokkas
  2 frilled lizards
  A leopard gecko skeleton (D:7)
  A leopard gecko zombie (D:5)
  A quokka skeleton (D:8)
  10 rats
1486 creatures vanquished.

Vanquished Creatures (others)
  An ironheart preserver (Vaults:1)
  A vault warden (Vaults:2)
  2 spark wasps (WizLab)
  A centaur warrior (Vaults:1)
  A shock serpent (WizLab)
  A deep elf knight (Vaults:1)
  2 deep elf archers
  A cyclops (Vaults:1)
  A deep elf mage (Vaults:1)
  A vault sentinel (Vaults:1)
  4 yaktaurs
  A hornet (Swamp:3)
  A vampire (Vaults:2)
  A swamp worm (Swamp:2)
  An orc warrior (Elf:2)
  A centaur (Vaults:1)
  2 orc wizards
  An orc (Vaults:2)
  A briar patch (Swamp:4)
  8 fungi
  5 plants
38 creatures vanquished.

Grand Total: 1524 creatures vanquished

Notes
Turn   | Place    | Note
-------+----------+-------------------------------------------
     0 | D:1      | Firecrotchwizard the Vine Stalker Fighter began the quest
                  | for the Orb.
     0 | D:1      | Reached XP level 1. HP: 11/11 MP: 2/2
    72 | D:1      | Reached skill level 2 in Short Blades
   253 | D:1      | Reached XP level 2. HP: 11/16 MP: 3/3
   694 | D:1      | Reached skill level 3 in Fighting
   694 | D:1      | Reached XP level 3. HP: 16/20 MP: 4/4
   871 | D:2      | Noticed Natasha
   881 | D:2      | Killed Natasha
   881 | D:2      | Reached skill level 3 in Short Blades
   902 | D:2      | Found a snail-covered altar of Cheibriados.
   965 | D:2      | Gained mutation: Your natural rate of healing is unusually
                  | fast. [Vine Stalker growth]
   965 | D:2      | Reached XP level 4. HP: 17/24 MP: 3/5
  1131 | D:2      | Noticed Natasha
  1139 | D:2      | Killed Natasha
  1146 | D:2      | Noticed Natasha
  1161 | D:2      | Killed Natasha
  1161 | D:2      | Reached skill level 4 in Short Blades
  1161 | D:2      | Reached XP level 5. HP: 19/29 MP: 3/6
  1362 | D:2      | Noticed Terence
  1387 | D:2      | Killed Terence
  1433 | D:2      | Found a bloodstained altar of Trog.
  1846 | D:3      | Reached skill level 4 in Fighting
  1897 | D:3      | Found an iron altar of Okawaru.
  1916 | D:3      | Reached XP level 6. HP: 33/33 MP: 7/7
  2015 | D:3      | Found a shimmering altar of Xom.
  2069 | D:3      | Noticed a phantom
  2081 | D:3      | Killed a phantom
  2081 | D:3      | Reached skill level 5 in Short Blades
  2219 | D:3      | Became a worshipper of Warmaster Okawaru
  2404 | D:4      | Found a sacrificial altar of Ru.
  2679 | D:4      | Found an ornate altar of the Wu Jian Council.
  2832 | D:5      | Entered Level 5 of the Dungeon
  2847 | D:5      | Reached XP level 7. HP: 38/38 MP: 8/8
  2877 | D:5      | Found a burning altar of Makhleb.
  2947 | D:5      | Got a warped bone ring
  2948 | D:5      | Identified the ring of the Swan {+Blink rElec rF++ MR-
                  | Str+3} (You found it on level 5 of the Dungeon)
  2983 | D:5      | Reached * piety under Okawaru
  2983 | D:5      | Reached skill level 6 in Short Blades
  3087 | D:5      | Found a sparkling altar of Nemelex Xobeh.
  3165 | D:5      | Found a basalt altar of Yredelemnul.
  3172 | D:5      | Found a radiant altar of Vehumet.
  3206 | D:5      | Reached skill level 5 in Fighting
  3445 | D:5      | Found a glowing golden altar of the Shining One.
  3684 | D:5      | Noticed an angel
  3706 | D:6      | Noticed Grinder
  3717 | D:6      | Killed Grinder
  3717 | D:6      | Reached skill level 7 in Short Blades
  3717 | D:6      | Gained mutation: You have razor-sharp teeth. [Vine Stalker
                  | growth]
  3717 | D:6      | Reached XP level 8. HP: 40/44 MP: 9/9
  3723 | D:6      | Found a staircase to the Ecumenical Temple.
  3771 | D:6      | Reached ** piety under Okawaru
  3872 | D:6      | Found a transporter.
  3875 | D:6      | Noticed a kobold demonologist
  3937 | D:6      | Found a transporter.
  3955 | D:6      | Noticed a kobold demonologist
  3996 | D:6      | Found an ancient bone altar of Kikubaaqudgha.
  4103 | D:6      | Found a runed door.
  4456 | D:6      | Reached skill level 6 in Fighting
  4515 | D:6      | Reached skill level 8 in Short Blades
  4572 | D:6      | Found a roughly hewn altar of Beogh.
  4638 | D:7      | Found a sparkling altar of Nemelex Xobeh.
  4854 | D:7      | Reached XP level 9. HP: 49/49 MP: 10/10
  4902 | D:7      | Reached *** piety under Okawaru
  4979 | D:7      | Reached skill level 9 in Short Blades
  5620 | D:7      | Reached skill level 1 in Invocations
  5627 | D:7      | Reached skill level 7 in Fighting
  5639 | D:7      | Reached skill level 2 in Invocations
  6021 | D:8      | Identified the +1 scale mail of Hangman {rN+}
  6022 | D:8      | Reached **** piety under Okawaru
  6029 | D:8      | Reached skill level 10 in Short Blades
  6099 | D:8      | Noticed Maurice
  6102 | D:8      | Reached skill level 3 in Invocations
  6116 | D:8      | Killed Maurice
  6116 | D:8      | Reached XP level 10. HP: 56/56 MP: 13/13
  6132 | D:8      | Reached skill level 4 in Invocations
  6139 | D:8      | Reached skill level 8 in Fighting
  6621 | D:9      | Noticed a two-headed ogre
  6628 | D:9      | Killed a two-headed ogre
  6628 | D:9      | Reached skill level 3 in Shields
  6628 | D:9      | Reached skill level 5 in Invocations
  6786 | D:9      | Reached ***** piety under Okawaru
  6789 | D:9      | Found a shadowy altar of Dithmenos.
  6890 | D:9      | Noticed a two-headed ogre
  6909 | D:9      | Killed a two-headed ogre
  6909 | D:9      | Reached skill level 9 in Fighting
  6909 | D:9      | Reached skill level 4 in Shields
  6909 | D:9      | Reached skill level 6 in Invocations
  6967 | D:9      | Noticed a guardian serpent
  6981 | D:9      | Killed a guardian serpent
  7006 | D:9      | Reached XP level 11. HP: 62/62 MP: 16/16
  7149 | D:10     | Entered Level 10 of the Dungeon
  7223 | D:10     | Reached skill level 5 in Shields
  7295 | D:10     | Noticed a two-headed ogre
  7296 | D:10     | Noticed a two-headed ogre
  7309 | D:10     | Killed a two-headed ogre
  7309 | D:10     | Received a gift from Okawaru
  7309 | D:10     | Reached skill level 7 in Invocations
  7314 | D:10     | Killed a two-headed ogre
  7398 | D:10     | Noticed Harold
  7405 | D:10     | Killed Harold
  7538 | D:10     | Found a roughly hewn altar of Beogh.
  7578 | D:10     | Reached skill level 6 in Shields
  8068 | D:11     | Found a staircase to the Lair.
  8082 | D:11     | Reached skill level 10 in Fighting
  8094 | D:11     | Noticed a cyclops
  8116 | D:11     | HP: 15/63 [cyclops (15)]
  8119 | D:11     | Killed a cyclops
  8119 | D:11     | Reached skill level 8 in Invocations
  8232 | D:11     | Received a gift from Okawaru
  8474 | D:11     | Noticed a green ugly thing
  8485 | D:11     | Killed a green ugly thing
  8940 | D:11     | Reached skill level 7 in Shields
  8964 | D:11     | Noticed a manticore
  8971 | D:11     | Killed a manticore
  9337 | D:12     | Noticed a two-headed ogre
  9346 | D:11     | Killed a two-headed ogre
  9346 | D:11     | Reached ****** piety under Okawaru
  9346 | D:11     | Gained mutation: You heal very quickly. [Vine Stalker
                  | growth]
  9346 | D:11     | Reached XP level 12. HP: 47/69 MP: 14/19
  9375 | Lair:1   | Entered Level 1 of the Lair of Beasts
  9405 | Lair:1   | Received a gift from Okawaru
  9485 | Lair:1   | Reached skill level 11 in Fighting
  9804 | Lair:1   | Noticed Joseph
  9807 | Lair:1   | Reached skill level 8 in Shields
  9817 | Lair:1   | Killed Joseph
 10089 | Lair:2   | Found a gate leading to a gauntlet.
 10110 | Gauntlet | Entered a Gauntlet
 10110 | Gauntlet | Found a transporter.
 10118 | Gauntlet | Found a transporter.
 10119 | Gauntlet | Found a transporter.
 10138 | Gauntlet | Found a transporter.
 10152 | Gauntlet | Received a gift from Okawaru
 10153 | Gauntlet | Got an ancient hunting sling {god gift}
 10182 | Gauntlet | Found a runed gate.
 10183 | Gauntlet | Found a runed gate.
 10188 | Gauntlet | Found a runed gate.
 10230 | Gauntlet | Found a transporter.
 10230 | Gauntlet | Found a transporter.
 10232 | Gauntlet | Noticed a death yak
 10233 | Gauntlet | Found a transporter.
 10245 | Gauntlet | Noticed a death yak
 10245 | Gauntlet | Noticed a death yak
 10246 | Gauntlet | Identified the amulet of Moodiness {Acrobat Int+4}
 10263 | Gauntlet | Noticed a death yak
 10278 | Gauntlet | Found a transporter.
 10291 | Gauntlet | Killed a death yak
 10299 | Gauntlet | Killed a death yak
 10313 | Gauntlet | Killed a death yak
 10319 | Gauntlet | Killed a death yak
 10319 | Gauntlet | Reached skill level 9 in Shields
 10328 | Gauntlet | Found a transporter.
 10328 | Gauntlet | Found a transporter.
 10392 | Gauntlet | Identified the +5 quarterstaff of Tilad {crush, *Rage Str+8
                  | Dex-4 SInv}
 10392 | Gauntlet | Identified the +10 chain mail "Papp" {rC++ Dex-5}
 10392 | Gauntlet | Noticed a minotaur
 10404 | Gauntlet | Killed a minotaur
 10410 | Gauntlet | Identified the Tome of the Freezing Traveller
 10486 | Lair:2   | Noticed Erica
 10493 | Lair:2   | Killed Erica
 10493 | Lair:2   | Reached skill level 12 in Fighting
 10599 | Lair:2   | Received a gift from Okawaru
 10689 | Lair:2   | Reached XP level 13. HP: 76/76 MP: 20/20
 10804 | Lair:2   | Reached skill level 10 in Shields
 11029 | Lair:2   | HP: 16/76 [blink frog (6)]
 11156 | Lair:2   | Received a gift from Okawaru
 11705 | Lair:3   | Reached skill level 13 in Fighting
 11723 | Lair:3   | Reached skill level 11 in Shields
 12090 | Lair:3   | Received a gift from Okawaru
 12105 | Lair:3   | Got a fine ring mail
 12133 | Lair:3   | Identified the cursed +1 ring mail "Juann" {rPois rN+ MP-9
                  | SInv} (You found it on level 3 of the Lair of Beasts)
 12147 | Lair:3   | Identified the +6 hunting sling "Veipug" {velocity, Str+3
                  | SInv} (Okawaru gifted it to you in a Gauntlet)
 12532 | Lair:4   | Found a hole to the Spider Nest.
 13163 | Lair:4   | Found a staircase to the Swamp.
 13242 | Lair:5   | Reached XP level 14. HP: 58/83 MP: 21/21
 13261 | Lair:5   | Received a gift from Okawaru
 13277 | Lair:5   | Reached skill level 12 in Shields
 13335 | Lair:5   | Reached skill level 14 in Fighting
 13341 | Lair:5   | Received a gift from Okawaru
 13442 | Lair:5   | Found a staircase to the Slime Pits.
 14316 | Lair:6   | Entered Level 6 of the Lair of Beasts
 14353 | Lair:6   | Received a gift from Okawaru
 14362 | Lair:6   | Got an ebony glaive {god gift}
 14463 | Lair:6   | Found a blossoming altar of Fedhas.
 14892 | Lair:6   | Found a runed door.
 14899 | Lair:6   | Reached skill level 13 in Shields
 14961 | Lair:6   | Received a gift from Okawaru
 14961 | Lair:6   | Paralysed by a hornet for 1 turns
 15092 | Lair:6   | Received a gift from Okawaru
 15186 | Lair:6   | Reached skill level 15 in Fighting
 15313 | Lair:6   | Noticed a dire elephant
 15335 | Lair:6   | Killed a dire elephant
 15376 | Lair:6   | Got a steaming ring mail
 15377 | Lair:6   | Identified the cursed +1 ring mail "Wunti" {Dex+2 Slay+5}
                  | (You found it on level 6 of the Lair of Beasts)
 15400 | Lair:6   | Reached XP level 15. HP: 86/90 MP: 22/22
 16008 | D:12     | Found a hazy altar of Hepliaklqana.
 16082 | D:12     | Noticed Snorg
 16100 | D:12     | Killed Snorg
 16128 | D:12     | Found a staircase to the Orcish Mines.
 16366 | D:12     | Received a gift from Okawaru
 16366 | D:12     | Reached skill level 14 in Shields
 16367 | D:12     | Got a crude shield {god gift}
 16378 | D:12     | Identified the -5 shield of the Secret Scars {rCorr Int+4}
                  | (Okawaru gifted it to you on level 12 of the Dungeon)
 17057 | D:13     | Noticed Sonja
 17066 | D:13     | Killed Sonja
 17066 | D:13     | Reached skill level 1 in Crossbows
 17424 | D:13     | Reached skill level 2 in Crossbows
 17601 | D:14     | Found a gate to the Vaults.
 17624 | D:14     | Reached skill level 3 in Crossbows
 18092 | D:14     | Got a vibrating lapis lazuli ring
 18112 | D:14     | Reached skill level 4 in Crossbows
 18153 | D:14     | meem: I am meem, an upgrade of beem built by MalcolmRose
                  | (check out Malcolm's DCSS vids and other projects at
                  | http://youtube.com/malcolmrosegaming). To have me follow
                  | you in your games, type !subscribemeem - to make me go away
                  | forever, type !quitmeem - For help, type: !meem
 18414 | D:14     | Received a gift from Okawaru
 18477 | D:14     | Identified the ring "Cast" {+Fly Dex+5} (You found it on
                  | level 14 of the Dungeon)
 18674 | Swamp:1  | Entered Level 1 of the Swamp
 18690 | Swamp:1  | Reached skill level 16 in Fighting
 18697 | Swamp:1  | Received a gift from Okawaru
 18757 | Swamp:1  | Reached skill level 5 in Crossbows
 19069 | Swamp:1  | Got a warped large shield
 19114 | Swamp:1  | Reached XP level 16. HP: 79/96 MP: 23/23
 19262 | Swamp:1  | Reached skill level 6 in Crossbows
 19635 | Swamp:2  | You are sucked into a shaft!
 19672 | Swamp:3  | Received a gift from Okawaru
 19726 | Swamp:3  | HP: 23/96 [vampire mosquito (2)]
 19740 | Swamp:3  | Reached skill level 7 in Crossbows
 19859 | Swamp:3  | Received a gift from Okawaru
 19878 | Swamp:3  | Found a sparkling altar of Nemelex Xobeh.
 20334 | Swamp:4  | Entered Level 4 of the Swamp
 20334 | Swamp:4  | Noticed a thorn hunter
 20349 | Swamp:3  | Killed a thorn hunter
 20349 | Swamp:3  | Reached skill level 8 in Crossbows
 20355 | Swamp:3  | Reached skill level 15 in Shields
 20423 | Swamp:2  | HP: 24/97 [eight-headed hydra (7)]
 20428 | Swamp:2  | HP: 16/97 [poisoned by a spiny frog]
 20433 | Swamp:2  | HP: 13/97 [poisoned by a spiny frog]
 20446 | Swamp:2  | HP: 19/97 [tyrant leech (2)]
 20576 | Swamp:2  | Identified the +1 large shield of the Turtle {+Inv MR+}
                  | (You found it on level 1 of the Swamp)
 20607 | Swamp:2  | Identified a +0 pair of boots of running (Okawaru gifted it
                  | to you on level 3 of the Swamp)
 20768 | Swamp:2  | Noticed Frances
 20795 | Swamp:2  | Killed Frances
 20928 | Swamp:2  | Received a gift from Okawaru
 21165 | Swamp:2  | Reached skill level 9 in Crossbows
 21190 | Swamp:2  | Noticed Louise
 21294 | Swamp:2  | Killed Louise
 21864 | Swamp:4  | Reached XP level 17. HP: 77/102 MP: 22/24
 21948 | Swamp:4  | HP: 6/102 [thorn hunter/volley of thorns (25)]
 22350 | Swamp:4  | Reached skill level 10 in Crossbows
 22507 | Swamp:4  | Received a gift from Okawaru
 22508 | Swamp:4  | Got a scorched hat {god gift}
 22531 | Swamp:4  | Identified the +1 hat of Negligence {-Tele rElec rF+ Dex+8}
                  | (Okawaru gifted it to you on level 4 of the Swamp)
 22548 | Swamp:4  | Reached skill level 17 in Fighting
 22847 | Swamp:4  | Got a decaying rune of Zot
 23150 | Spider:1 | Entered Level 1 of the Spider Nest
 23320 | Spider:1 | Reached skill level 16 in Shields
 23364 | Spider:1 | Noticed Azrael
 23413 | Spider:1 | Killed Azrael
 23479 | Spider:1 | Received a gift from Okawaru
 23655 | Spider:1 | Received a gift from Okawaru
 23896 | Spider:1 | Received a gift from Okawaru
 23902 | Spider:1 | Learned a level 3 spell: Portal Projectile
 24149 | Spider:1 | Received a gift from Okawaru
 24168 | Spider:1 | Got a brightly glowing cloak {god gift}
 24186 | Spider:1 | Identified the +0 cloak of the Big Bang {Str+3 Int+3 Dex+4
                  | Stlth+} (Okawaru gifted it to you on level 1 of the Spider
                  | Nest)
 24200 | Spider:1 | Found the +1 cloak of Starlight {rElec rC+ EV+4 Stlth--}
 24676 | Spider:2 | Reached XP level 18. HP: 109/109 MP: 25/25
 25286 | Spider:2 | Reached skill level 18 in Fighting
 26055 | Spider:3 | Reached skill level 17 in Shields
 26295 | Spider:4 | Entered Level 4 of the Spider Nest
 26726 | Spider:4 | Received a gift from Okawaru
 27191 | Spider:4 | Noticed Arachne
 27202 | Spider:4 | Received a gift from Okawaru
 27211 | Spider:4 | Killed Arachne
 27213 | Spider:4 | Received a gift from Okawaru
 27422 | Spider:4 | Received a gift from Okawaru
 27711 | Spider:4 | meem: I am meem, an upgrade of beem built by MalcolmRose
                  | (check out Malcolm's DCSS vids and other projects at
                  | http://youtube.com/malcolmrosegaming). To have me follow
                  | you in your games, type !subscribemeem - to make me go away
                  | forever, type !quitmeem - For help, type: !meem
 27817 | Spider:4 | Got a gossamer rune of Zot
 28166 | Slime:1  | Entered Level 1 of the Pits of Slime
 28167 | Slime:1  | meem: I am meem, an upgrade of beem built by MalcolmRose
                  | (check out Malcolm's DCSS vids and other projects at
                  | http://youtube.com/malcolmrosegaming). To have me follow
                  | you in your games, type !subscribemeem - to make me go away
                  | forever, type !quitmeem - For help, type: !meem
 28383 | Vaults:1 | Entered Level 1 of the Vaults
 28540 | D:14     | Reached XP level 19. HP: 84/115 MP: 26/26
 28591 | Vaults:1 | Reached skill level 19 in Fighting
 28823 | Vaults:1 | Received a gift from Okawaru
 28823 | Vaults:1 | Reached skill level 18 in Shields
 29082 | Vaults:1 | HP: 27/116 [very large slime creature (33)]
 29088 | Vaults:1 | Received a gift from Okawaru
 29314 | Vaults:1 | Received a gift from Okawaru
 30055 | Vaults:2 | Received a gift from Okawaru
 30261 | Vaults:2 | Noticed Jory
 30293 | Vaults:2 | Killed Jory
 30548 | Vaults:2 | Reached skill level 20 in Fighting
 30551 | Vaults:2 | Reached XP level 20. HP: 121/123 MP: 27/27
 30578 | Vaults:2 | Reached skill level 19 in Shields
 30737 | Vaults:2 | Received a gift from Okawaru
 30990 | Orc:1    | Entered Level 1 of the Orcish Mines
 31128 | Orc:1    | Found Xalygig's Antique Armour Shoppe.
 31231 | Orc:2    | Entered Level 2 of the Orcish Mines
 31233 | Orc:2    | Found a staircase to the Elven Halls.
 31288 | Orc:2    | Noticed Erolcha
 31301 | Orc:2    | Killed Erolcha
 31305 | Orc:2    | Noticed Josephine
 31319 | Orc:2    | Killed Josephine
 31683 | Orc:2    | Found Baetiam's Armour Boutique.
 31778 | Orc:2    | Found Wegidol's Antique Armour Emporium.
 31802 | Orc:2    | Found Zuugeis's Armour Emporium.
 31804 | Orc:2    | Found Gosim's Food Boutique.
 31810 | Orc:2    | Bought the +5 plate armour "Dutyat" {rF+ MP+9 SInv Stlth-}
                  | for 1004 gold pieces
 31912 | Orc:2    | Found Paugam's Assorted Antiques.
 31918 | Orc:2    | Bought a potion of haste for 290 gold pieces
 32170 | Orc:1    | Received a gift from Okawaru
 32310 | Orc:1    | Found Xerhu's Book Emporium.
 32395 | Orc:1    | Found Igof's General Store.
 32401 | Orc:1    | Bought a scroll of brand weapon for 280 gold pieces
 32401 | Orc:1    | Bought a scroll of identify for 28 gold pieces
 32401 | Orc:1    | Bought a scroll of identify for 28 gold pieces
 32497 | Elf:1    | Entered Level 1 of the Elven Halls
 32727 | Elf:1    | Received a gift from Okawaru
 32735 | Elf:1    | Got a translucent hand crossbow {god gift}
 32736 | Elf:1    | Identified the +10 hand crossbow "Tybif" {flame, *Contam
                  | +Fly Str+6} (Okawaru gifted it to you on level 1 of the
                  | Elven Halls)
 32843 | Elf:1    | Noticed Roxanne
 32853 | Elf:1    | Killed Roxanne
 32865 | Elf:1    | Found Cidaeci's Assorted Antiques.
 32875 | Elf:1    | Bought a potion of haste for 240 gold pieces
 32933 | Elf:1    | Found Dourarif's Antique Weapon Emporium.
 32942 | Elf:1    | Found Tededgh's General Store.
 33008 | Elf:1    | Gained mutation: You are dopey. (Int -2) [mutagenic glow]
 33147 | Elf:1    | Found Bofreala's Antique Armour Shop.
 33159 | Elf:1    | Found Tokaf's Assorted Antiques.
 33195 | Elf:1    | Found a radiant altar of Vehumet.
 33504 | Elf:2    | Found a magical portal.
 33507 | WizLab   | Entered The Chambers of the Cloud Mage
 33855 | WizLab   | Paralysed by you for 5 turns
 33860 | WizLab   | HP: 31/124 [blizzard demon/the air (10)]
 33862 | WizLab   | HP: 14/124 [air elemental/tornado (3)]
 33871 | WizLab   | HP: 17/124 [poisoned by an apocalypse crab (blast of
                  | chaos)]
 33878 | WizLab   | HP: 21/124 [poisoned by an apocalypse crab (blast of
                  | chaos)]
 34084 | WizLab   | Noticed Tiat
 34104 | WizLab   | Killed Tiat the Cloud Mage
 34104 | WizLab   | Received a gift from Okawaru
 34104 | WizLab   | Reached skill level 20 in Shields
 34251 | WizLab   | Reached XP level 21. HP: 129/129 MP: 28/28
 34340 | WizLab   | Got an ancient bronze ring
 34341 | WizLab   | Identified the Incunabulum of Weightlessness
 34357 | WizLab   | Got a scorched turquoise ring
 34359 | WizLab   | Identified the ring of the Traitor {+Fly rC- Str+2 Stlth+}
                  | (You found it in a wizard's laboratory)
 34362 | WizLab   | Identified the ring "Laxuweax" {+Fly rElec Str+2 Dex-4
                  | Stlth+} (You found it in a wizard's laboratory)
 34520 | Elf:2    | Reached skill level 21 in Fighting
 34645 | Elf:2    | Noticed Saint Roka
 34768 | Elf:1    | Killed Saint Roka
 34768 | Elf:1    | Received a gift from Okawaru
 35144 | Elf:2    | Found a runed gate.
 35144 | Elf:2    | Found a runed gate.
 35144 | Elf:2    | Found a runed gate.
 35518 | Elf:2    | Received a gift from Okawaru
 35607 | Elf:3    | Entered Level 3 of the Elven Halls
 35858 | Elf:3    | Received a gift from Okawaru
 35879 | Elf:3    | HP: 24/130 [deep elf high priest/divine providence (11)]
 35880 | Elf:3    | Killed from afar by a Brimstone Fiend

Vault maps used:
D:1:      dpeg_arrival_signposts
D:2:      lightli_temple_of_fire, cheibriados_altar_1, serial_bayou,
          serial_bayou_lagoon_a, serial_bayou_shore_b, serial_bayou_pond_e,
          serial_bayou_pond_c, uniq_terence, uniq_natasha
D:3:      xom_teletrap_fun, okawaru_ov_weapons_minmay, first_ration
D:4:      kennysheep_mini_moat, lemuel_round_altar, corexii_corridor_pit,
          uniq_crazy_yiuf_cottage
D:5:      grunt_temple_overflow_holy_war, lemuel_doored_altar,
          kennysheep_little_box, nemelex_diamond_rough_becter
D:6:      gammafunk_wand_slinger, kiku_gazebo_garden_becter,
          minmay_temple_entry_water_ring, hangedman_decor_points,
          columned_hall_lemuel, lightli_church_of_beogh, uniq_grinder
D:7:      nemelex_xobeh_ov_fountains_minmay, grunt_livestock,
          minmay_quadrilaterals
D:8:      uniq_maurice
D:9:      nicolae_dithmenos_the_darkroom, nrook_guardian_serpent_double
D:10:     special_room, uniq_harold
D:11:     david_lair_generic
D:12:     david_orc_3, basic_altar, introduction_to_nature_2, uniq_snorg
D:13:     uniq_sonja
D:14:     minmay_stepped, skrybe_vaults_entry_preservation, minmay_rotating_lava
Lair:1:   lemuel_fruit_tree, minmay_lair_oklob_chamber,
          infiniplex_staircase_pool, uniq_joseph
Lair:2:   gauntlet_entry_generic, minmay_shattered_shrine, uniq_erica
Lair:3:   infiniplex_staircase_pool_2, lemuel_fruit_fields
Lair:4:   minmay_swamp_entry_worms, spider_nest_entry_rubble,
          beast_lair_carwin_11
Lair:5:   nicolae_slime_entry_slimehenge, nicolae_quartered_pool_super
Lair:6:   hangedman_lair_in_review, wormcave, tgw_fedhas
Swamp:1:  evilmike_swamp_ruin_house_2
Swamp:2:  nicolae_swamp_dense_foliage, uniq_frances, uniq_louise
Swamp:3:  basic_altar, swamp_pool3, st_swamp_ruins_3
Swamp:4:  swamp_basic_johnstein, swamp_pool4
Spider:1: nicolae_spider_mines_1, nicolae_spider_webs_and_nodes, uniq_azrael
Spider:4: johnstein_spider_rune_arachne_lair
Orc:1:    serial_shops, shop, shop, nicolae_shop_crystal
Orc:2:    st_orc_elflike, serial_shops, shop, uniq_josephine, uniq_erolcha
Elf:1:    eino_elf_arrival_shootout, basic_altar, serial_shops,
          nicolae_shop_statue_plus, shop, shop_statue,
          nicolae_shop_overgrown_old_shop, shop, hangedman_elf_represent,
          uniq_roxanne
Elf:2:    mu_enter_wizlab_7, st_stairs_9, grunt_ministairs_3,
          palyth_stone_intersect, uniq_saint_roka
Elf:3:    minmay_elf_hall_circle, serial_sigils_hangedman_stare
Vaults:1: nicolae_vaults_little_ls, vaults_dpeg_ring, vaults_room_fancy_cross,
          vaults_room_door_ring, vaults_room_ringed_pool, v_alt_pattern_3,
          v_misc_10, v_rooms_4, v_misc_3, nicolae_vaults_angled_halls,
          nicolae_vaults_ring_of_whatevers, ontoclasm_vaults_gallery,
          vaults_room_semicircle
Vaults:2: v_pattern_5, hangedman_vaults_hat, vaults_room_grunt_arrival_ludios,
          grunt_vaults_bifocal, minmay_crypt_entry_vampire_xt,
          nicolae_vaults_triangles, v_misc_16, v_misc_15, v_misc_27,
          nicolae_vaults_network_periphery, vaults_room_hallway,
          nicolae_vaults_little_squares_3, ontoclasm_vaults_fault,
          nicolae_vaults_rhombus_6, basic_altar, uniq_jory
WizLab:   wizlab_cloud
Gauntlet: minmay_gauntlet_77_tree

Skill      XL: |  1  2  3  4  5  6  7  8  9 10 11 12 13 14 15 16 17 18 19 20 21 |
---------------+----------------------------------------------------------------+-----
Short Blades   | 2 3 4 5 7 8 10 | 10.0
Fighting       | 3 4 5 6 7 9 10 12 13 15 16 17 18 20 21 | 21.4
Invocations    | 3 6 8 |  8.0
Shields        | 4 7 9 11 13 14 15 16 17 18 20 | 20.5
Crossbows      | 5 9 10 | 10.0
Armour         | |  2.4

Action                   |  1- 3 |  4- 6 |  7- 9 | 10-12 | 13-15 | 16-18 | 19-21 || total
-------------------------+-------+-------+-------+-------+-------+-------+-------++-------
Melee: Rapier            |    77 |    97 |       |       |       |       |       ||   174
       Bite              |    23 |    55 |   116 |   274 |   604 |   857 |   843 ||  2772
       Dagger            |       |   124 |   337 |   574 |  1464 |  1864 |  1438 ||  5801
 Fire: Hand crossbow     |       |       |       |       |    13 |   329 |   145 ||   487
Throw: Tomahawk          |       |       |       |    15 |    22 |       |       ||    37
Invok: Heroism           |       |       |       |     6 |    18 |    26 |     2 ||    52
       Finesse           |       |       |       |     3 |     6 |     7 |     2 ||    18
Evoke: Wand              |       |       |       |     3 |     2 |     3 |     4 ||    12
       Phial of floods   |       |       |       |       |     1 |       |       ||     1
  Use: Scroll            |       |     1 |    17 |     9 |    16 |     7 |     6 ||    56
       Potion            |       |       |       |       |       |     2 |     1 ||     3
 Stab: Paralysed         |       |       |       |     2 |       |     1 |       ||     3
       Confused          |       |       |       |       |       |     1 |       ||     1
       Invisible         |       |       |       |       |       |       |     4 ||     4
  Eat: Chunk             |       |     6 |    11 |    12 |    28 |    11 |    22 ||    90
       Ration            |       |       |       |     1 |       |     6 |       ||     7
Armor: Scale mail        |    18 |       |       |       |       |       |       ||    18
       Chain mail        |       |    89 |   106 |    76 |   436 |   682 |   109 ||  1498
       Plate armour      |       |       |       |    36 |       |       |   111 ||   147
       Ring mail         |       |       |       |       |     5 |       |       ||     5
Dodge: Dodged            |    21 |    21 |    24 |    32 |   144 |   392 |   140 ||   774
       Deflected         |       |       |       |       |     1 |    11 |       ||    12
Block: Shield            |    28 |    73 |       |       |       |       |       ||   101
       Large shield      |       |    24 |   185 |   274 |  1053 |  2130 |  1105 ||  4771
       Reflection        |       |       |       |       |       |     5 |   130 ||   135

Table legend:
 A = Non-vault XP
 B = Vault XP
 C = Vault XP percentage of total XP
 D = Non-vault monster count
 E = Vault monster count
 F = Vault count percentage of total count
                 A         B        C        D         E       F
            +---------+---------+-------+---------+---------+-------
      Total |  318735 |  224144 |  41.3 |    1018 |     490 |  32.5
            +---------+---------+-------+---------+---------+-------
        D:1 |      36 |       0 |   0.0 |      13 |       0 |   0.0
        D:2 |     177 |      71 |  28.6 |      33 |       2 |   5.7
        D:3 |     201 |       0 |   0.0 |      22 |       0 |   0.0
        D:4 |     129 |       0 |   0.0 |      12 |       0 |   0.0
        D:5 |     479 |       0 |   0.0 |      17 |       0 |   0.0
        D:6 |     442 |     503 |  53.2 |      13 |      25 |  65.8
        D:7 |     854 |    1092 |  56.1 |      22 |       8 |  26.7
        D:8 |    1092 |     439 |  28.7 |      26 |       1 |   3.7
        D:9 |    3394 |     434 |  11.3 |      29 |       1 |   3.3
       D:10 |    2940 |    1517 |  34.0 |      21 |      26 |  55.3
       D:11 |    4289 |     722 |  14.4 |      23 |       4 |  14.8
       D:12 |    4091 |    1786 |  30.4 |      35 |      21 |  37.5
       D:13 |    7729 |     827 |   9.7 |      27 |       1 |   3.6
       D:14 |   12238 |    8393 |  40.7 |      21 |      21 |  50.0
     Lair:1 |    2212 |     558 |  20.1 |      11 |       2 |  15.4
     Lair:2 |    4228 |    5799 |  57.8 |      13 |      10 |  43.5
     Lair:3 |    8504 |       0 |   0.0 |      31 |       0 |   0.0
     Lair:4 |    4121 |    2333 |  36.1 |      23 |       9 |  28.1
     Lair:5 |    5472 |    5820 |  51.5 |      22 |      28 |  56.0
     Lair:6 |   11594 |   15400 |  57.0 |      26 |      35 |  57.4
    Swamp:1 |   14764 |       0 |   0.0 |      51 |       0 |   0.0
    Swamp:2 |   15440 |    4054 |  20.8 |      43 |       2 |   4.4
    Swamp:3 |   19378 |     983 |   4.8 |      51 |       1 |   1.9
    Swamp:4 |   17413 |   21327 |  55.1 |      39 |      31 |  44.3
   Spider:1 |   23405 |    6696 |  22.2 |      74 |      19 |  20.4
   Spider:2 |   13701 |       0 |   0.0 |      37 |       0 |   0.0
   Spider:3 |   11952 |       0 |   0.0 |      32 |       0 |   0.0
   Spider:4 |    6896 |   28715 |  80.6 |      16 |      51 |  76.1
    Slime:1 |    2254 |       0 |   0.0 |       3 |       0 |   0.0
      Orc:1 |    2460 |       0 |   0.0 |      24 |       0 |   0.0
      Orc:2 |    2907 |   11453 |  79.8 |      30 |      32 |  51.6
      Elf:1 |   19338 |   15354 |  44.3 |      27 |      17 |  38.6
      Elf:2 |   12337 |   27159 |  68.8 |      19 |      40 |  67.8
      Elf:3 |    2574 |    4609 |  64.2 |       3 |       3 |  50.0
   Vaults:1 |   41548 |    8308 |  16.7 |      73 |      14 |  16.1
   Vaults:2 |   38146 |   18591 |  32.8 |      56 |      27 |  32.5
     WizLab |       0 |   24913 | 100.0 |       0 |      45 | 100.0
   Gauntlet |       0 |    6288 | 100.0 |       0 |      14 | 100.0
            +---------+---------+-------+---------+---------+-------

Vault maps used:
D:1:      dpeg_arrival_signposts
D:2:      lightli_temple_of_fire, cheibriados_altar_1, serial_bayou,
          serial_bayou_lagoon_a, serial_bayou_shore_b, serial_bayou_pond_e,
          serial_bayou_pond_c, uniq_terence, uniq_natasha
D:3:      xom_teletrap_fun, okawaru_ov_weapons_minmay, first_ration
D:4:      kennysheep_mini_moat, lemuel_round_altar, corexii_corridor_pit,
          uniq_crazy_yiuf_cottage
D:5:      grunt_temple_overflow_holy_war, lemuel_doored_altar,
          kennysheep_little_box, nemelex_diamond_rough_becter
D:6:      gammafunk_wand_slinger, kiku_gazebo_garden_becter,
          minmay_temple_entry_water_ring, hangedman_decor_points,
          columned_hall_lemuel, lightli_church_of_beogh, uniq_grinder
D:7:      nemelex_xobeh_ov_fountains_minmay, grunt_livestock,
          minmay_quadrilaterals
D:8:      uniq_maurice
D:9:      nicolae_dithmenos_the_darkroom, nrook_guardian_serpent_double
D:10:     special_room, uniq_harold
D:11:     david_lair_generic
D:12:     david_orc_3, basic_altar, introduction_to_nature_2, uniq_snorg
D:13:     uniq_sonja
D:14:     minmay_stepped, skrybe_vaults_entry_preservation, minmay_rotating_lava
Lair:1:   lemuel_fruit_tree, minmay_lair_oklob_chamber,
          infiniplex_staircase_pool, uniq_joseph
Lair:2:   gauntlet_entry_generic, minmay_shattered_shrine, uniq_erica
Lair:3:   infiniplex_staircase_pool_2, lemuel_fruit_fields
Lair:4:   minmay_swamp_entry_worms, spider_nest_entry_rubble,
          beast_lair_carwin_11
Lair:5:   nicolae_slime_entry_slimehenge, nicolae_quartered_pool_super
Lair:6:   hangedman_lair_in_review, wormcave, tgw_fedhas
Swamp:1:  evilmike_swamp_ruin_house_2
Swamp:2:  nicolae_swamp_dense_foliage, uniq_frances, uniq_louise
Swamp:3:  basic_altar, swamp_pool3, st_swamp_ruins_3
Swamp:4:  swamp_basic_johnstein, swamp_pool4
Spider:1: nicolae_spider_mines_1, nicolae_spider_webs_and_nodes, uniq_azrael
Spider:4: johnstein_spider_rune_arachne_lair
Orc:1:    serial_shops, shop, shop, nicolae_shop_crystal
Orc:2:    st_orc_elflike, serial_shops, shop, uniq_josephine, uniq_erolcha
Elf:1:    eino_elf_arrival_shootout, basic_altar, serial_shops,
          nicolae_shop_statue_plus, shop, shop_statue,
          nicolae_shop_overgrown_old_shop, shop, hangedman_elf_represent,
          uniq_roxanne
Elf:2:    mu_enter_wizlab_7, st_stairs_9, grunt_ministairs_3,
          palyth_stone_intersect, uniq_saint_roka
Elf:3:    minmay_elf_hall_circle, serial_sigils_hangedman_stare
Vaults:1: nicolae_vaults_little_ls, vaults_dpeg_ring, vaults_room_fancy_cross,
          vaults_room_door_ring, vaults_room_ringed_pool, v_alt_pattern_3,
          v_misc_10, v_rooms_4, v_misc_3, nicolae_vaults_angled_halls,
          nicolae_vaults_ring_of_whatevers, ontoclasm_vaults_gallery,
          vaults_room_semicircle
Vaults:2: v_pattern_5, hangedman_vaults_hat, vaults_room_grunt_arrival_ludios,
          grunt_vaults_bifocal, minmay_crypt_entry_vampire_xt,
          nicolae_vaults_triangles, v_misc_16, v_misc_15, v_misc_27,
          nicolae_vaults_network_periphery, vaults_room_hallway,
          nicolae_vaults_little_squares_3, ontoclasm_vaults_fault,
          nicolae_vaults_rhombus_6, basic_altar, uniq_jory
WizLab:   wizlab_cloud
Gauntlet: minmay_gauntlet_77_tree

Table legend:
 A = Turns spent in this place as a percentage of turns spent in the entire game.
 B = Non-inter-level travel turns spent in this place as a percentage of non-inter-level travel turns spent in the entire game.
 C = Inter-level travel turns spent in this place as a percentage of turns spent in this place.
 D = Turns resting spent in this place as a percentage of non-inter-level travel turns spent in this place.
 E = Turns spent auto-exploring this place as a percentage of non-inter-level travel turns spent in this place.
 F = Non-inter-level travel turns spent in this place divided by the number of levels of this place that you've seen.
                   A       B       C       D       E      F
               +-------+-------+-------+-------+-------+----------------------
         Total | 100.0 | 100.0 |   6.1 |   9.2 |  57.6 | 886.4
       Dungeon |  34.3 |  34.5 |   5.5 |   9.2 |  66.0 | 829.6
          Lair |  18.6 |  17.8 |  10.6 |   3.2 |  70.7 | 996.5
         Swamp |  12.4 |  12.3 |   6.6 |  13.8 |  42.7 | 1039.8
   Spider Nest |  13.4 |  13.7 |   4.2 |  16.5 |  43.4 | 1154.5
    Slime Pits |   0.1 |   0.1 |   0.0 |   0.0 |   0.0 |  23.0
  Orcish Mines |   4.2 |   4.1 |   9.2 |   0.0 |  75.4 | 684.0
   Elven Halls |   6.8 |   7.0 |   3.3 |   5.2 |  57.9 | 789.7
        Vaults |   6.7 |   6.8 |   3.9 |   4.4 |  49.9 | 1152.5
        Wizlab |   2.6 |   2.8 |   0.0 |  28.9 |  15.6 | 932.0
      Gauntlet |   0.9 |   0.9 |   0.0 |   8.9 |  10.2 | 315.0
               +-------+-------+-------+-------+-------+----------------------

Table legend:
 A = Kills in this place as a percentage of kills in entire the game.
 B = Kills by you in this place as a percentage of kills by you in the entire game.
 C = Kills by friends in this place as a percentage of kills by friends in the entire game.
 D = Other kills in this place as a percentage of other kills in the entire game.
 E = Experience gained in this place as a percentage of experience gained in the entire game.
 F = Experience gained in this place divided by the number of levels of this place that you have seen.
                   A       B       C       D       E      F
               +-------+-------+-------+-------+-------+----------------------
         Total | 100.0 | 100.0 |   N/A | 100.0 | 100.0 | 14286.3
       Dungeon |  28.1 |  28.6 |   N/A |   0.0 |   9.9 | 3848.2
          Lair |  13.9 |  14.1 |   N/A |   0.0 |  12.2 | 11006.8
         Swamp |  14.5 |  14.5 |   N/A |   8.7 |  17.2 | 23339.8
   Spider Nest |  15.2 |  15.4 |   N/A |   4.3 |  16.8 | 22841.2
    Slime Pits |   0.2 |   0.2 |   N/A |   0.0 |   0.4 | 2254.0
  Orcish Mines |   5.7 |   5.8 |   N/A |   0.0 |   3.1 | 8410.0
   Elven Halls |   7.2 |   7.2 |   N/A |   8.7 |  15.0 | 27123.7
        Vaults |  11.3 |  10.4 |   N/A |  65.2 |  19.6 | 53296.5
        Wizlab |   3.0 |   2.8 |   N/A |  13.0 |   4.6 | 24913.0
      Gauntlet |   0.9 |   0.9 |   N/A |   0.0 |   1.2 | 6288.0
               +-------+-------+-------+-------+-------+----------------------
